 Dungeon Crawl Stone Soup version 0.18.1-8-gdd0e5ea (webtiles) character file.

134052 mrath the Thaumaturge (level 17, -11/102 HPs)
             Began as a Gargoyle Earth Elementalist on May 23, 2016.
             Was a High Priest of Vehumet.
             Killed by Lee's Rapid Deconstruction
             ... invoked by pipel's ghost
              (29 damage)
             ... on level 1 of the Shoals on May 27, 2016.
             The game lasted 07:21:41 (57329 turns).

mrath the Thaumaturge (GrEE)                       Turns: 57329, Time: 07:21:41

Health: -11/102    AC: 27    Str: 13    XL:     17   Next: 16%
Magic:  11/34      EV: 13    Int: 22    God:    Vehumet [*****.]
Gold:   2266       SH:  2    Dex: 10    Spells: 11 memorised, 9 levels left

rFire  + + .     SeeInvis .     m - staff of energy
rCold  + . .     Gourm    .     w - +2 ring mail {rF+}
rNeg   + + .     Faith    .     (no shield)
rPois  ∞         Spirit   .     e - -2 hat of the Alchemist {rElec rPois rF+ rC+ rN+ MR+ rMut rCorr}
rElec  +         Dismiss  .     c - +2 cloak {+Inv}
rCorr  +         Reflect  +     k - +1 pair of gloves
rMut   +         Harm     .     q - +0 pair of boots
SustAt .                        G - +2 amulet of reflection
MR     ++...                    R - ring of wizardry
Stlth  ++........               z - ring of stealth

@: flying, very resistant to hostile enchantments, unstealthy
A: big wings, negative energy resistance 1, electricity resistance, unbreathing,
petrification resistance, rot immunity, AC +12
a: Stop Flying, Renounce Religion, Evoke Invisibility


You were on level 1 of the Shoals.
You worshipped Vehumet.
Vehumet was extremely pleased with you.
You were not hungry.

You visited 7 branches of the dungeon, and saw 29 of its levels.
You also visited: Labyrinth and Sewer.

You collected 2898 gold pieces.
You spent 632 gold pieces at shops.

Inventory:

Hand Weapons
 d - a +1 blowgun
 s - a +0 spear of piercing
 t - the +5 rapier of the Spider Nest {freeze, Str+2 Int+6}
   (You found it on level 7 of the Dungeon)

   It has been specially enchanted to freeze those struck by it, causing extra
   injury to most foes and up to half again as much damage against particularly
   susceptible opponents.
   It can also slow down cold-blooded creatures.
   It affects your strength (+2).
   It affects your intelligence (+6).
Missiles
 a - 32 tomahawks
 p - a stone
 x - 6 tomahawks of returning (quivered)
 y - 61 poisoned needles
 F - 16 poisoned javelins
 J - 16 javelins
Armour
 c - a +2 cloak of invisibility (worn)
 e - the -2 hat of the Alchemist (worn) {rElec rPois rF+ rC+ rN+ MR+ rMut rCorr}
   (You found it in a labyrinth)

   It protects you from fire.
   It protects you from cold.
   It insulates you from electricity.
   It protects you from poison.
   It protects you from negative energy.
   It affects your resistance to hostile enchantments.
   It protects you from acid and corrosion.
   It protects you from mutation.
 k - a +1 pair of gloves (worn)
 q - a +0 pair of boots (worn)
 w - a +2 ring mail of fire resistance (worn)
 N - a +2 helmet
Magical Staves
 m - an uncursed staff of energy (weapon)
Rods
 h - a +4 rod of clouds (10/10)
   (You found it in a labyrinth)
 v - a +4 rod of shadows (9/9)
   (You found it in a labyrinth)
 A - a +5 lightning rod (13/13)
   (You found it on level 8 of the Lair of Beasts)
 V - a +0 rod of ignition (11/11)
   (You found it on level 9 of the Dungeon)
Jewellery
 z - a ring of stealth (left hand)
 G - a +2 amulet of reflection (around neck)
 R - a ring of wizardry (right hand)
Wands
 g - a wand of flame (29/48)
 i - a wand of acid (4/15)
 r - a wand of disintegration (6/24)
 K - a wand of lightning (6/15)
 M - a wand of heal wounds (7/9)
 Q - a wand of iceblast (12/15)
 Y - a wand of digging (12/24)
Scrolls
 j - 10 scrolls of teleportation
 l - 5 scrolls of identify
 u - 3 scrolls of magic mapping
 I - 4 scrolls of fog
 T - 7 scrolls of fear
 U - 2 scrolls of blinking
 W - 6 scrolls of remove curse
Potions
 f - a potion of invisibility
 n - a potion of magic
 o - a potion of berserk rage
 D - a potion of curing
 H - 2 potions of agility
 L - 2 potions of heal wounds
 Z - 3 potions of cure mutation
Miscellaneous
 E - a sack of spiders {used: 1}
Comestibles
 b - 4 beef jerkies
 B - 17 fruits
 C - a chunk of flesh


   Skills:
 + Level 10.2 Fighting
 + Level 8.2 Short Blades
 + Level 10.8 Armour
 + Level 8.3 Dodging
 - Level 2.1 Stealth
 * Level 13.4 Spellcasting
 + Level 11.6 Conjurations
   Level 0.7 Transmutations
 + Level 9.2 Fire Magic
 + Level 12.6 Earth Magic
 + Level 8.7 Evocations


You had 9 spell levels left.
You knew the following spells:

 Your Spells              Type           Power        Failure   Level  Hunger
a - Sandblast             Erth           ######       1%          1    None
b - Stone Arrow           Conj/Erth      ######       1%          3    None
c - Lee's Rapid Deconstr  Erth           ######....   1%          5    None
d - Sting                 Conj/Pois      ####         1%          1    None
e - Mephitic Cloud        Conj/Pois/Air  ####....     1%          3    None
f - Conjure Flame         Conj/Fire      ######..     1%          3    None
g - Sticky Flame          Conj/Fire      ######..     1%          4    None
h - Corona                Hex            ##.....      4%          1    None
i - Apportation           Tloc           ##........   4%          1    None
j - Bolt of Magma         Conj/Fire/Erth ######....   1%          5    None
k - Iron Shot             Conj/Erth      ######....   1%          6    None


Dungeon Overview and Level Annotations

Branches:
Dungeon (15/15)            Temple (1/1) D:6            Lair (8/8) D:11
 Shoals (1/4) Lair:3       Spider (1/4) Lair:5        Slime (0/6) Lair:8
    Orc (2/2) D:9             Elf (1/3) Orc:2        Vaults (0/5) D:13
 Depths (0/5) D:15

Altars:
Ashenzari
Cheibriados
Dithmenos
Elyvilon
Fedhas
Gozag
Kikubaaqudgha
Makhleb
Nemelex Xobeh
Okawaru
Pakellas
Qazlal
Ru
Sif Muna
Trog
Vehumet
Xom
Yredelemnul
Zin
The Shining One
Beogh
Jiyva

Shops:
D:8 [*[*   D:9 [   Orc:2 ([*=

Annotations:
D:3 georgeearnest's ghost, amateur DrBe
Lair:8 1 runed door
Shoals:1 exclusion: Roxanne, Frances; Roxanne; pipel's ghost, adept GrEE
Spider:1 Lathuz's ghost, journeyman MiBe


Innate Abilities, Weirdness & Mutations

You are resistant to torment.
Your stone body is resilient (AC +12).
You are immune to poison.
Your large and strong wings let you fly indefinitely.
You resist negative energy.
You are resistant to electric shocks.
You can survive without breathing.
You are immune to petrification.
You are immune to rotting.


Message History

Aiming: Stone Arrow
Press: ? - help, Shift-Dir - straight line, f/p - siren
Aim: a siren, wielding a spear (moderately wounded, mesmerising)
The stone arrow hits the siren.
The siren is severely wounded.
The siren chants its luring song.
The sheep closely misses you.
Casting: Stone Arrow
Confirm with . or Enter, or press ? or * to list all spells.
Aiming: Stone Arrow
Press: ? - help, Shift-Dir - straight line, f/p - siren
Aim: a siren, wielding a spear (severely wounded, mesmerising)
The stone arrow hits the siren.
The siren is almost dead.
Your surroundings suddenly seem different.
You break out of your daze!
Pipel's ghost screams, "To die, to sleep, no more."
Pipel's ghost gestures at you while chanting.
You shatter!
You die...

≈≈≈≈≈≈≈
≈≈≈≈≈≈≈≈≈≈≈≈≈≈≈≈≈≈≈≈≈≈≈≈
≈≈≈≈≈≈≈≈≈≈≈≈≈≈≈≈≈≈≈≈≈≈≈≈
≈≈≈≈≈≈≈≈≈≈≈≈≈≈≈≈≈≈≈≈≈≈≈≈
≈≈≈≈≈≈≈≈≈≈≈≈≈≈≈≈≈≈≈≈≈≈≈≈
≈≈≈≈..≈..≈≈≈≈≈≈≈≈≈≈≈≈≈≈≈
≈≈≈≈≈....≈..≈≈≈≈≈≈≈≈≈≈≈P
≈≈≈≈≈......≈≈≈≈≈≈≈≈≈≈≈≈≈
≈≈≈≈≈..##....≈≈≈@≈≈≈≈≈P≈
).≈≈..##........≈≈≈≈≈≈≈≈
.≈≈≈............≈≈≈≈≈≈≈≈
.≈≈≈≈........[..≈≈≈≈≈≈≈≈
..........W###..≈≈≈≈≈≈≈≈
#......##.## #..≈≈≈≈≈≈≈≈
#...≈.###..###..≈≈≈≈≈≈≈≈
............##..≈≈≈≈≈≈≈≈≈
≈≈...........#..≈≈≈≈≈≈≈≈≈≈


You could see pipel's ghost.

Vanquished Creatures
  Rupert (D:13)
  Kirke (D:13)
  Maud (Lair:7)
  An orc warlord (Orc:2)
  Nessos (Lair:5)
  Snorg (Lair:3)
  2 merfolk javelineers (Shoals:1)
  A merfolk impaler (Shoals:1)
  A minotaur (Lab)
  11 hydras
  2 catoblepae (Lair:8)
  Erica (Lair:2)
  A merfolk aquamancer (Shoals:1)
  3 centaur warriors
  A tengu warrior (D:15)
  14 death yaks
  3 orc high priests
  A deep troll shaman (Lair:8)
  An unseen horror (D:15)
  9 hill giants
  A wizard (D:15)
  4 orc knights
  An orb spider (Lair:5)
  4 harpies
  2 necromancers (D:13)
  19 ugly things
  3 griffons
  15 deep elf magi
  4 orc sorcerers (Orc:2)
  5 manticores
  A hornet (Lair:5)
  4 wolf spiders
  3 fauns (Shoals:1)
  A salamander (D:15)
  4 elephants (Lair:8)
  A cyclops (D:10)
  3 sirens (Shoals:1)
  8 black mambas
  3 centaur zombies
  Psyche (D:8)
  15 spiny frogs
  2 gargoyles
  A kobold demonologist (D:11)
  A torpor snail (Lair:5)
  3 rime drakes
  A yaktaur (D:15)
  3 demonic crawlers
  A tengu conjurer (D:15)
  17 komodo dragons
  A polar bear (shapeshifter) (D:15)
  3 jumping spiders (Spider:1)
  3 merfolk (Shoals:1)
  14 trolls
  5 two-headed ogres
  Prince Ribbit (Lair:2)
  17 blink frogs
  4 boulder beetles
  3 snapping turtles (Shoals:1)
  A redback (Lab)
  2 air elementals
  A tarantella (Spider:1)
  93 yaks
  A water elemental (D:15)
  2 wraiths
  A shadow (D:11)
  3 basilisks
  Grum (D:10)
  2 wyverns
  19 hippogriffs
  4 hungry ghosts
  A steam dragon (Lair:8)
  2 soldier ants (D:13)
  5 wargs
  19 porcupines
  14 water moccasins
  2 sky beasts
  6 black bears
  2 ice beasts
  44 orc warriors
  21 wolves
  4 phantoms
  18 ogres
  9 centaurs
  5 big kobolds (Sewer)
  12 crocodiles
  Blork the orc (Orc:2)
  23 giant frogs
  2 wyvern zombies
  A water moccasin zombie (D:6)
  5 scorpions
  A wyvern skeleton (D:9)
  10 howler monkeys
  2 electric eels
  8 crimson imps
  A quasit (D:10)
  A wasp zombie (D:12)
  6 giant frog zombies
  4 lava snakes (Lab)
  6 hounds
  21 orc priests
  4 giant frog skeletons
  6 jellies
  3 centaur skeletons
  35 orc wizards
  10 iguanas
  A killer bee zombie (D:8)
  6 worker ants
  27 sheep
  A hound skeleton (D:9)
  A howler monkey zombie (D:6)
  A worker ant zombie (D:9)
  10 gnolls
  A howler monkey skeleton (D:9)
  15 adders
  73 river rats
  A shadow imp (D:7)
  6 oozes
  3 adder skeletons
  8 worms
  2 dart slugs (D:1)
  5 giant geckos
  119 orcs
  9 bats
  17 giant cockroaches
  8 goblins
  9 hobgoblins
  7 jackals
  13 kobolds
  5 quokkas
  7 ball pythons
  2 giant gecko zombies (D:6)
  4 giant newts
  A jackal skeleton (D:4)
  A quokka skeleton (D:9)
  A quokka zombie (D:5)
  7 rats
  A butterfly (Lair:8)
  A fungus (Lair:3)
  4 plants
1060 creatures vanquished.

Vanquished Creatures (others)
  4 humans (D:13)
  2 orcs
  29 fungi
  40 plants
75 creatures vanquished.

Grand Total: 1135 creatures vanquished

Notes
Turn   | Place    | Note
--------------------------------------------------------------
     0 | D:1      | mrath the Gargoyle Earth Elementalist began the quest for the Orb.
     0 | D:1      | Reached XP level 1. HP: 10/10 MP: 3/3
   303 | D:1      | Reached XP level 2. HP: 15/15 MP: 5/5
   707 | D:1      | Reached XP level 3. HP: 19/19 MP: 5/7
   712 | D:1      | Learned a level 3 spell: Stone Arrow
  1077 | D:2      | Reached skill level 3 in Spellcasting
  1418 | D:2      | Reached XP level 4. HP: 24/24 MP: 7/9
  2118 | D:3      | Noticed georgeearnest's ghost (amateur DrBe)
  2338 | D:3      | Reached skill level 1 in Conjurations
  2387 | D:3      | Reached XP level 5. HP: 28/28 MP: 7/10
  2449 | D:3      | Reached skill level 4 in Spellcasting
  2802 | D:3      | Reached XP level 6. HP: 32/32 MP: 7/12
  2973 | D:3      | Reached skill level 5 in Earth Magic
  3153 | D:3      | Found a bloodstained altar of Trog.
  3394 | D:3      | Reached skill level 5 in Spellcasting
  4240 | D:4      | Reached XP level 7. HP: 36/36 MP: 11/15
  4544 | D:4      | Learned a level 5 spell: Lee's Rapid Deconstruction
  4727 | D:5      | Entered Level 5 of the Dungeon
  4900 | D:5      | Found a glowing drain.
  4917 | Sewer    | Entered a sewer
  5090 | Sewer    | Reached skill level 6 in Spellcasting
  5265 | Sewer    | Reached XP level 8. HP: 41/41 MP: 15/17
  5851 | D:5      | Reached skill level 5 in Conjurations
  6001 | D:5      | Reached skill level 1 in Fighting
  6035 | D:5      | Reached skill level 1 in Armour
  6457 | D:6      | Reached skill level 7 in Spellcasting
  6634 | D:6      | Reached skill level 1 in Evocations
  6851 | D:6      | Found a staircase to the Ecumenical Temple.
  6860 | Temple   | Entered the Ecumenical Temple
  6902 | Temple   | Became a worshipper of Vehumet
  7467 | D:6      | Reached XP level 9. HP: 47/47 MP: 15/19
  8069 | D:6      | Reached * piety under Vehumet
  8069 | D:6      | Offered knowledge of Sting by Vehumet.
  8078 | D:6      | Learned a level 1 spell: Sting
  8595 | D:7      | Got a transparent rapier
  9084 | D:7      | Found a shadowy altar of Dithmenos.
  9385 | D:8      | Found Uronkolu's General Store.
  9401 | D:8      | Found Nuaq's Armour Boutique.
  9402 | D:8      | Bought a potion of heal wounds for 70 gold pieces
  9402 | D:8      | Bought a scroll of identify for 28 gold pieces
  9402 | D:8      | Identified a -1 rod of shadows (12/12) (You found it on level 8 of the Dungeon)
  9404 | D:8      | Identified the +5 rapier of the Spider Nest {freeze, Str+2 Int+6} (You found it on level 7 of the Dungeon)
  9442 | D:8      | Found Tasak's Antique Armour Boutique.
  9515 | D:8      | Found Xeotib's General Store.
  9524 | D:8      | Bought a scroll of identify for 28 gold pieces
  9680 | D:8      | Noticed Psyche
 10269 | D:9      | Noticed a seven-headed hydra
 10823 | D:9      | Reached skill level 8 in Spellcasting
 10903 | D:9      | Reached XP level 10. HP: 56/56 MP: 9/22
 10966 | D:9      | Reached skill level 1 in Short Blades
 10991 | D:9      | Reached ** piety under Vehumet
 10991 | D:9      | Offered knowledge of Flame Tongue by Vehumet.
 11734 | D:8      | Learned a level 3 spell: Mephitic Cloud
 11738 | D:8      | Learned a level 3 spell: Conjure Flame
 11739 | D:9      | Found Ixoig's Armour Shoppe.
 11739 | D:9      | Found a shadowy altar of Dithmenos.
 12067 | D:9      | Identified the Tome of the Volcanoes and Cold (You found it on level 9 of the Dungeon)
 12071 | D:9      | Identified the Handbook of Vitriolic Air
 12120 | D:9      | Offered knowledge of Throw Frost by Vehumet.
 12131 | D:9      | Learned a level 4 spell: Sticky Flame
 12146 | D:9      | Reached skill level 1 in Fire Magic
 12470 | Temple   | Identified a +0 rod of ignition (11/11) (You found it on level 9 of the Dungeon)
 12708 | D:8      | Killed Psyche
 12785 | D:9      | Reached *** piety under Vehumet
 12841 | D:9      | Found a staircase to the Orcish Mines.
 12974 | D:9      | Found a burning altar of Makhleb.
 12987 | D:9      | Reached XP level 11. HP: 62/62 MP: 23/23
 13227 | D:10     | Entered Level 10 of the Dungeon
 13363 | D:9      | Reached skill level 5 in Armour
 13612 | D:10     | Reached skill level 9 in Spellcasting
 13897 | D:10     | Noticed a hill giant
 13905 | D:10     | Killed a hill giant
 13905 | D:10     | Offered knowledge of Iskenderun's Mystic Blast by Vehumet.
 14096 | D:10     | Noticed Grum
 14110 | D:10     | Killed Grum
 14578 | D:10     | Reached **** piety under Vehumet
 15011 | D:11     | Found a labyrinth entrance.
 15037 | Lab      | Entered a labyrinth
 15052 | Lab      | Offered knowledge of Static Discharge by Vehumet.
 15052 | Lab      | Reached skill level 5 in Fighting
 21086 | Lab      | Paralysed by fainting for 9 turns
 21145 | Lab      | Paralysed by fainting for 9 turns
 22392 | Lab      | Noticed a minotaur
 22400 | Lab      | Killed a minotaur
 22405 | Lab      | Got a translucent dagger
 22405 | Lab      | Got a pitted cloak
 22445 | Lab      | Identified the -6 cloak of Incorporation {Stlth+} (You found it in a labyrinth)
 22460 | Lab      | Identified a +4 rod of shadows (9/9) (You found it in a labyrinth)
 22461 | Lab      | Identified a +4 rod of inaccuracy (11/11) (You found it in a labyrinth)
 22462 | Lab      | Identified a +4 rod of clouds (10/10) (You found it in a labyrinth)
 22465 | Lab      | Identified the +2 dagger of Woonwerphee {pierce, *Confuse rElec Int+4} (You found it in a labyrinth)
 22837 | D:8      | Bought 3 fruits for 63 gold pieces
 22837 | D:8      | Bought a scroll of teleportation for 42 gold pieces
 22871 | D:8      | Bought a beef jerky for 21 gold pieces
 22890 | D:9      | Bought a +2 cloak of invisibility for 236 gold pieces
 23033 | D:9      | Reached skill level 5 in Evocations
 23141 | D:9      | Noticed a death knight
 23157 | D:9      | Noticed a skeletal warrior
 23328 | D:11     | Found a staircase to the Lair.
 23578 | D:11     | Reached skill level 5 in Dodging
 23657 | D:10     | Reached XP level 12. HP: 68/68 MP: 25/25
 23847 | Lair:1   | Entered Level 1 of the Lair of Beasts
 24348 | Lair:1   | Noticed a six-headed hydra
 24353 | Lair:1   | Killed a six-headed hydra
 24353 | Lair:1   | Reached skill level 10 in Spellcasting
 24366 | Lair:1   | Noticed an eight-headed hydra
 24417 | Lair:1   | Killed an eight-headed hydra
 25328 | Lair:2   | Noticed Erica
 25339 | Lair:2   | Killed Erica
 25416 | Lair:2   | Learned a level 1 spell: Corona
 25418 | Lair:2   | Learned a level 1 spell: Apportation
 25430 | Lair:2   | Noticed a seven-headed hydra
 25464 | Lair:2   | Killed a seven-headed hydra
 25947 | Lair:2   | Noticed Prince Ribbit
 25949 | Lair:2   | Noticed a six-headed hydra
 25952 | Lair:2   | Killed Prince Ribbit
 26192 | Lair:2   | Noticed a death yak
 26193 | Lair:2   | Noticed a death yak
 26193 | Lair:2   | Noticed a death yak
 26233 | Lair:2   | Killed a death yak
 26639 | Lair:2   | Killed a six-headed hydra
 26639 | Lair:2   | Reached skill level 10 in Earth Magic
 26639 | Lair:2   | Reached XP level 13. HP: 75/75 MP: 18/27
 26909 | Lair:2   | Reached ***** piety under Vehumet
 27244 | Lair:1   | Reached skill level 5 in Fire Magic
 27366 | Lair:1   | Offered knowledge of Olgreb's Toxic Radiance by Vehumet.
 28042 | Lair:3   | Found a staircase to the Shoals.
 28430 | Lair:3   | Found a glowing golden altar of the Shining One.
 28702 | Lair:3   | Noticed Snorg
 28713 | Lair:3   | Killed Snorg
 28914 | Lair:4   | Reached skill level 5 in Short Blades
 29567 | Lair:4   | Reached skill level 11 in Spellcasting
 31504 | Lair:5   | Noticed Nessos
 31534 | Lair:5   | Killed Nessos
 31722 | Lair:5   | Found a hole to the Spider Nest.
 32129 | Lair:5   | Gained mutation: Your large and strong wings let you fly indefinitely. [Gargoyle growth]
 32129 | Lair:5   | Reached XP level 14. HP: 78/82 MP: 20/29
 32949 | Lair:6   | Offered knowledge of Irradiate by Vehumet.
 33489 | Lair:7   | Noticed Maud
 33502 | Lair:7   | Killed Maud
 35102 | Lair:8   | Entered Level 8 of the Lair of Beasts
 36365 | Lair:8   | Found a runed door.
 36366 | Lair:8   | Found a viscous altar of Jiyva.
 36368 | Lair:8   | Noticed an azure jelly
 36370 | Lair:8   | Noticed an azure jelly
 36372 | Lair:8   | Noticed an azure jelly
 36389 | Lair:8   | Offered knowledge of Bolt of Draining by Vehumet.
 36413 | Lair:8   | Found a staircase to the Slime Pits.
 37122 | Lair:8   | Reached skill level 12 in Spellcasting
 37283 | Lair:8   | Reached skill level 10 in Conjurations
 37854 | Lair:7   | Reached XP level 15. HP: 83/89 MP: 22/31
 39436 | Orc:1    | Entered Level 1 of the Orcish Mines
 40540 | Orc:2    | Entered Level 2 of the Orcish Mines
 40963 | Orc:2    | Noticed an orc warlord
 41302 | Orc:2    | Found a staircase to the Elven Halls.
 42935 | Orc:2    | Killed an orc warlord
 43203 | Orc:2    | Noticed Blork the orc
 43207 | Orc:2    | Killed Blork the orc
 43710 | Orc:2    | Offered knowledge of Bolt of Magma by Vehumet.
 43717 | Orc:2    | Learned a level 5 spell: Bolt of Magma
 43989 | Orc:2    | Found a roughly hewn altar of Beogh.
 44094 | Orc:2    | Found Ittittet's General Store.
 44104 | Orc:2    | Bought a scroll of identify for 36 gold pieces
 44104 | Orc:2    | Bought a scroll of identify for 36 gold pieces
 44104 | Orc:2    | Bought a scroll of identify for 36 gold pieces
 44104 | Orc:2    | Bought a scroll of identify for 36 gold pieces
 44141 | Orc:2    | Found Hishyara's Antique Weapon Boutique.
 44209 | Orc:2    | Found Tiqin's Antique Armour Boutique.
 44241 | Orc:2    | Found Qihublef's Jewellery Boutique.
 44925 | Shoals:1 | Entered Level 1 of the Shoals
 45238 | Shoals:1 | Noticed Roxanne
 45863 | Shoals:1 | Noticed pipel's ghost (adept GrEE)
 46309 | Spider:1 | Entered Level 1 of the Spider Nest
 47184 | Spider:1 | Reached XP level 16. HP: 92/96 MP: 5/32
 47529 | Spider:1 | Noticed Lathuz's ghost (journeyman MiBe)
 47849 | Elf:1    | Entered Level 1 of the Elven Halls
 47864 | Orc:2    | Offered knowledge of Orb of Destruction by Vehumet.
 48050 | Orc:2    | Reached skill level 10 in Armour
 51338 | D:13     | Noticed Rupert
 51373 | D:13     | Killed Rupert
 51590 | D:13     | Noticed Kirke
 51609 | D:13     | Killed Kirke
 51759 | D:13     | Got a faintly glowing hand axe
 51760 | D:13     | Identified the +9 hand axe of Corporal Punishment {freeze, rElec Str+2} (You found it on level 13 of the Dungeon)
 52424 | D:13     | Reached ****** piety under Vehumet
 52424 | D:13     | Reached skill level 13 in Spellcasting
 52426 | D:13     | Offered knowledge of Iron Shot by Vehumet.
 52539 | D:12     | Learned a level 6 spell: Iron Shot
 52722 | D:13     | Found a gate to the Vaults.
 52948 | D:14     | Found a glowing golden altar of the Shining One.
 53119 | D:14     | Reached skill level 10 in Fighting
 53241 | D:14     | Found a shadowy altar of Dithmenos.
 53696 | D:15     | Entered Level 15 of the Dungeon
 55566 | D:15     | Found a staircase to the Depths.
 55627 | D:15     | Reached XP level 17. HP: 102/102 MP: 22/34
 55641 | D:15     | Found a glowing golden altar of the Shining One.
 57132 | Shoals:1 | Noticed Frances
 57329 | Shoals:1 | Killed from afar by pipel's ghost

Skill      XL: |  1  2  3  4  5  6  7  8  9 10 11 12 13 14 15 16 |
---------------+-------------------------------------------------+-----
Earth Magic    | 4 5 6 7 8 9 10 11 12 | 12.6
Spellcasting   | 3 4 5 6 7 8 9 10 11 12 13 | 13.4
Conjurations   | 1 2 3 4 5 6 7 8 9 10 11 | 11.6
Fighting       | 1 3 4 5 6 7 8 9 10 | 10.2
Armour         | 1 3 4 5 6 7 9 10 | 10.8
Dodging        | 2 3 4 5 6 7 8 |  8.3
Evocations     | 1 2 3 5 6 7 8 |  8.7
Short Blades   | 2 3 4 5 6 7 8 |  8.2
Fire Magic     | 1 3 4 6 7 8 9 |  9.2
Stealth        | |  2.1
Transmutations | |  0.7

Action                   |  1- 3 |  4- 6 |  7- 9 | 10-12 | 13-15 | 16-18 || total
-------------------------+-------+-------+-------+-------+-------+-------++-------
Melee: Club              |     7 |       |       |       |       |       ||     7
       Short sword       |    33 |   115 |   190 |       |       |       ||   338
       Mace              |       |    21 |       |       |       |       ||    21
       Whip              |       |       |    67 |       |       |       ||    67
       Rapier            |       |       |    25 |   354 |   547 |   247 ||  1173
       Great mace        |       |       |       |       |       |    16 ||    16
       Staff             |       |       |       |       |       |     3 ||     3
 Fire: Blowgun           |       |       |       |     3 |    47 |     6 ||    56
Throw: Tomahawk          |       |     6 |    10 |    13 |       |       ||    29
       Javelin           |       |       |       |     9 |    45 |       ||    54
       Stone             |       |       |       |       |     2 |       ||     2
 Cast: Sandblast         |    29 |    88 |    75 |       |     5 |     4 ||   201
       Stone Arrow       |       |       |    98 |   341 |   974 |   375 ||  1788
       Sting             |       |       |       |     3 |    66 |    31 ||   100
       Mephitic Cloud    |       |       |       |     4 |    35 |    11 ||    50
       Sticky Flame      |       |       |       |     1 |    45 |    18 ||    64
       Lee's Rapid Decon |       |       |       |       |     1 |     2 ||     3
       Corona            |       |       |       |       |     1 |       ||     1
       Iron Shot         |       |       |       |       |       |    50 ||    50
       Bolt of Magma     |       |       |       |       |       |    11 ||    11
 Abil: Fly               |       |       |       |       |     1 |       ||     1
       Evoke Invisibilit |       |       |       |       |     1 |     1 ||     2
Evoke: Rod               |       |       |       |       |     4 |     7 ||    11
       Wand              |       |       |       |       |     1 |     1 ||     2
       Sack of spiders   |       |       |       |       |       |     1 ||     1
  Use: Scroll            |       |       |     9 |    10 |    14 |     8 ||    41
       Potion            |       |       |       |       |     3 |     2 ||     5
 Stab: Sleeping          |     2 |       |     4 |       |       |       ||     6
       Distracted        |       |       |       |       |     1 |       ||     1
  Eat: Chunk             |     2 |     9 |    20 |    27 |    55 |    29 ||   142
       Beef jerky        |       |       |     1 |     1 |     1 |       ||     3
       Royal jelly       |       |       |     1 |       |       |       ||     1
       Pizza             |       |       |       |     8 |     1 |     2 ||    11
       Fruit             |       |       |       |     4 |     8 |     3 ||    15
       Meat ration       |       |       |       |     1 |       |       ||     1
Armor: Robe              |    16 |   103 |   147 |   134 |       |       ||   400
       Ring mail         |       |       |       |   119 |   505 |   260 ||   884
Dodge: Dodged            |    44 |   166 |   215 |   275 |   531 |   238 ||  1469
Block: Other             |       |       |       |    13 |    49 |    21 ||    83
       Reflection        |       |       |       |       |       |     8 ||     8
